 Dungeon Crawl Stone Soup version 0.28-a0-429-g1448048969 (webtiles) character file.

Game seed: 6862539747665485766

56 quinnr the Chiller (level 3, -3/20 HPs)
             Began as a Tengu Ice Elementalist on Sept 11, 2021.
             Killed from afar by Natasha (5 damage)
             ... with a magic dart
             ... on level 2 of the Dungeon.
             The game lasted 00:05:54 (2228 turns).

quinnr the Chiller (Tengu Ice Elementalist)         Turns: 2228, Time: 00:05:54

Health: -3/20      AC:  8    Str:  8    XL:     3   Next: 95%
Magic:  0/7        EV: 12    Int: 16    God:
Gold:   83         SH:  0    Dex: 14    Spells: 0/6 levels left

rFire   . . .      SeeInvis .   c - staff of earth
rCold   . . .      Faith    .   (no shield)
rNeg    . . .      Spirit   .   a - +0 robe
rPois   .          Reflect  .   (helmet restricted)
rElec   .          Harm     .   (no cloak)
rCorr   .          Rampage  .   (no gloves)
Will    .....                   (boots unavailable)
Stlth   ++........              (no amulet)
HPRegen 0.06/turn               (no ring)
MPRegen 0.10/turn               (no ring)

@: ice-armoured, very slightly contaminated, slowed, very slow
A: beak, talons 3
a: no special abilities


You were on level 2 of the Dungeon.
You visited 1 branch of the dungeon, and saw 2 of its levels.

You collected 83 gold pieces.

Inventory:

Missiles
 h - 4 boomerangs of dispersal
Armour
 a - a +0 robe (worn)
Magical Staves
 c - a staff of earth (weapon)
Scrolls
 b - a scroll of identify {unknown}
 d - a scroll of holy word {unknown}
 e - a scroll of magic mapping {unknown}
 f - a scroll of teleportation {unknown}
 g - a scroll of enchant weapon {unknown}


   Skills:
 + Level 0.7 Fighting
 - Level 2.1 Dodging
 - Level 2.0 Stealth
 + Level 2.2 Spellcasting
 + Level 0.6 Hexes
 + Level 4.5 Ice Magic


You couldn't memorise any spells.
You knew the following spells:

 Your Spells              Type           Power      Damage    Failure   Level
a - Freeze                Ice            64%        1d8       3%          1
b - Ensorcelled Hibernat  Hex/Ice        20%        N/A       11%         2
c - Ozocubu's Armour      Ice            16%        N/A       10%         3

Your spell library contained the following spells:

 Spells                   Type           Power      Damage    Failure   Level
 Frozen Ramparts          Ice            32%        1d5       10%         3
 Tukima's Dance           Hex            3%         N/A       43%         3
 Hailstorm                Conj/Ice       9%         3d4       63%         4


Dungeon Overview and Level Annotations

Branches:
Dungeon (2/15)

Altars:

Shops:
D:1 [[([

Annotations:
D:2 Natasha


Innate Abilities, Weirdness & Mutations

You have a beak for a mouth.
You have claws for feet.


Message History

Natasha mumbles some strange words.
You hit Natasha but do no damage. Your peck misses Natasha.
Natasha is severely wounded.
Natasha casts a spell.
The shadow imp hits you but does no damage.
Casting: Ensorcelled Hibernation (safe; 11% risk of failure)
Confirm with . or Enter, or press ? or * to list all spells.
Aiming: Freeze (safe; 3% risk of failure)
Press: ? - help, Shift-Dir - straight line, f/p - Natasha
Aim: Natasha (severely wounded)
You miscast Freeze.
You are very lightly contaminated with residual magic.
Nothing appears to happen.
Natasha stares at you and mumbles some strange words.
You feel yourself slow down. The shadow imp hits you.
The crimson imp hits you but does no damage.
Casting: Freeze (safe; 3% risk of failure)
Confirm with . or Enter, or press ? or * to list all spells.
You don't have enough magic to cast this spell.
Unknown command.
You hit Natasha but do no damage. You claw Natasha, but do no damage.
Natasha is severely wounded.
Natasha claws you. The shadow imp misses you.
The crimson imp hits you but does no damage.
Natasha claws you. The shadow imp hits you.
* * * LOW HITPOINT WARNING * * *
Unknown command.
You aren't carrying any items that you can evoke.
Okay, then.
You hit Natasha.
Natasha is almost dead.
The crimson imp closely misses you.
Natasha stares at you and mumbles some strange words.
The magic dart hits you.
* * * LOW HITPOINT WARNING * * *
The shadow imp hits you but does no damage.
The crimson imp barely misses you.
Natasha stares at you and mumbles some strange words.
The magic dart hits you.
You die...

#.####.######
#..##.......#
#..##.......#
#..##.......#
#..##.......# #
#..##.......# #..
#...#.....<.#
#....###.#.#.......#
#.....h@5..##.######
.......5....#.#
................
............#...
............#....
......#####...#...
...... #..#....
...... .>......


You could see Natasha, a crimson imp (summoned) and a shadow imp (summoned).

Vanquished Creatures
  2 adders (D:2)
  A dart slug (D:2)
  2 ball pythons (D:2)
  6 endoplasms
  A giant cockroach (D:2)
  5 hobgoblins
  2 jackals (D:2)
  A kobold (D:1)
  A quokka (D:2)
  A bat (D:2)
  2 frilled lizards (D:1)
  3 goblins
  4 rats
31 creatures vanquished.

Notes
Turn   | Place    | Note
-------+----------+-------------------------------------------
     0 | D:1      | quinnr the Tengu Ice Elementalist began the quest for the
                  | Orb.
     0 | D:1      | Reached XP level 1. HP: 10/10 MP: 4/4
    76 | D:1      | Found Buas's Armour Shoppe.
   240 | D:1      | Found Gehyebboh's Antique Armour Emporium.
   289 | D:1      | Found Gasam's Armour Emporium.
   621 | D:1      | Found Pivatyuwn's Weapon Shoppe.
   680 | D:1      | Reached skill level 4 in Ice Magic
   680 | D:1      | Reached XP level 2. HP: 11/15 MP: 3/6
   882 | D:1      | Found a faded altar of an unknown god.
  1327 | D:2      | Learned a level 2 spell: Ensorcelled Hibernation
  1386 | D:2      | Reached XP level 3. HP: 18/19 MP: 2/7
  1396 | D:2      | Learned a level 3 spell: Ozocubu's Armour
  2178 | D:2      | Noticed Natasha
  2227 | D:2      | HP: 2/20 [shadow imp[Natasha] (5)]
  2228 | D:2      | Killed from afar by Natasha

Illustrated notes

Levels and vault maps discovered:
D:1:      minmay_arrival_solitary_statue, layout_basic,
          ebering_ecumenical_altar_box, serial_shops,
          nicolae_shop_competitors_out_of_business, nicolae_lakefront_shop,
          shop, shop, chequers_garden, corexii_leaking_fountain
D:2:      layout_basic, uniq_natasha

Skill      XL: |  1 |
---------------+----+-----
Ice Magic      | 4 |  4.5
Fighting       | |  0.7
Dodging        | |  2.1
Stealth        | |  2.0
Spellcasting   | |  2.2
Hexes          | |  0.6

Action                   || total
-------------------------++-------
Melee: Staff             ||    27
       Peck              ||     6
       Kick              ||     4
 Cast: Freeze            ||    51
       Ozocubu's Armour  ||     2
       Ensorcelled Hiber ||     1
  Use: Potion            ||     1
Armor: Robe              ||    14
Dodge: Dodged            ||    48

Table legend: (Time is in decaauts)
 A = Elapsed time spent in this place.
 B = Non-inter-level travel time spent in this place.
 C = Inter-level travel time spent in this place.
 D = Time resting spent in this place.
 E = Time spent auto-exploring this place.
 F = Levels seen in this place.
 G = Mean time per level.
                   A        B        C        D        E       F      G
               +--------+--------+--------+--------+--------+-----+--------+
         Total |   2234 |   2188 |     46 |    541 |   1294 |   2 | 1117.0 |
       Dungeon |   2234 |   2188 |     46 |    541 |   1294 |   2 | 1117.0 |
               +--------+--------+--------+--------+--------+-----+--------+

Top non-repeatable levels by time:
     D:1: 1207 daAuts
     D:2: 1027 daAuts
